 Dungeon Crawl Stone Soup version 0.19-a0-1686-g35356ef (webtiles) character file.

4814 Promi the Ducker (level 10, 0/91 HPs)
             Began as a Demigod Wizard on Sept 25, 2016.
             Slain by a dream sheep (4 damage)
             ... on level 8 of the Dungeon.
             The game lasted 00:47:14 (10705 turns).

Promi the Ducker (Demigod Wizard)                  Turns: 10705, Time: 00:47:15

Health: 0/91       AC:  5    Str: 10    XL:     10   Next: 4%
Magic:  22/22      EV: 15    Int: 30    God:
Gold:   478        SH:  3    Dex: 14    Spells: 6 memorised, 8 levels left

rFire  + . .     SeeInvis .     q - +7 short sword (venom)
rCold  + + .     Gourm    .     l - +0 leather armour
rNeg   + + .     Faith    .     (no shield)
rPois  +         Spirit   .     K - -2 hat of the Alchemist {rElec rPois rF+ rC+ rN+ MR+ rMut rCorr}
rElec  +         Dismiss  .     i - +0 cloak
rCorr  +         Reflect  +     (no gloves)
rMut   +         Harm     .     m - +1 pair of boots
MR     ++...     Clarity  +     s - +3 amulet of reflection
Stlth  ++........               (no ring)
                                Q - ring of positive energy

@: about to teleport, repel missiles
A: clarity, clever 1, cold resistance 1, high mp 1, robust 1
a: no special abilities


You were on level 8 of the Dungeon.
You were not hungry.

You visited 1 branch of the dungeon, and saw 9 of its levels.

You collected 478 gold pieces.

Inventory:

Hand Weapons
 q - a +7 short sword of venom (weapon)
 y - the +8 mace of Zin {freeze, rF- rN+ Int+4 Dex+4}
   (You found it on level 7 of the Dungeon)

   It has been specially enchanted to freeze those struck by it, causing extra
   injury to most foes and up to half again as much damage against particularly
   susceptible opponents.
   It can also slow down cold-blooded creatures.
   It affects your intelligence (+4).
   It affects your dexterity (+4).
   It makes you vulnerable to fire.
   It protects you from negative energy.
 C - the +4 spear "Hellblazer" {flame, Int+3 Dex+6}
   (You found it on level 5 of the Dungeon)

   It has been specially enchanted to burn those struck by it, causing extra
   injury to most foes and up to half again as much damage against particularly
   susceptible opponents.
   It affects your intelligence (+3).
   It affects your dexterity (+6).
Armour
 a - a +0 robe
 b - a +1 hat
 i - a +0 cloak (worn)
 l - a +0 leather armour (worn)
 m - a +1 pair of boots (worn)
 K - the -2 hat of the Alchemist (worn) {rElec rPois rF+ rC+ rN+ MR+ rMut rCorr}
   (You found it on level 8 of the Dungeon)

   It protects you from fire.
   It protects you from cold.
   It insulates you from electricity.
   It protects you from poison.
   It protects you from negative energy.
   It affects your resistance to hostile enchantments.
   It protects you from acid and corrosion.
   It protects you from mutation.
Jewellery
 s - a +3 amulet of reflection (around neck)
 Q - a ring of positive energy (left hand)
Wands
 g - a wand of digging (8/24)
 u - a wand of paralysis (4/24)
 z - a wand of teleportation (7/9)
 B - a wand of lightning (8/15)
 D - a wand of acid (2/15)
 F - a wand of disintegration (16/24)
 G - a wand of flame (29/48)
Scrolls
 e - 4 scrolls of identify
 v - 3 scrolls of fear
 E - a scroll of amnesia
 I - 3 scrolls of remove curse
 L - a scroll of fog
 O - a scroll of enchant weapon
Potions
 f - a potion of cancellation
 k - a potion of berserk rage
 r - 2 potions of brilliance
 w - a potion of might
 x - 4 potions of agility
 A - a potion of flight
 H - 2 potions of lignification
 J - a potion of resistance
 P - a potion of curing
Books
 c - a book of Minor Magic

   Spells                             Type                      Level
   a - Magic Dart                     Conjuration                  1
   b - Blink                          Translocation                2
   c - Call Imp                       Summoning                    2
   d - Repel Missiles                 Charms/Air                   2
   e - Slow                           Hexes                        2
   f - Conjure Flame                  Conjuration/Fire             3
   g - Mephitic Cloud                 Conjuration/Poison/Air       3
 o - a book of Beasts

   Spells                             Type                      Level
   a - Summon Butterflies             Summoning                    1
   b - Call Canine Familiar           Summoning                    3
   c - Summon Ice Beast               Ice/Summoning                4
   d - Summon Mana Viper              Hexes/Summoning              5
   e - Summon Hydra                   Summoning                    7
 p - a book of Flames

   Spells                             Type                      Level
   a - Flame Tongue                   Conjuration/Fire             1
   b - Throw Flame                    Conjuration/Fire             2
   c - Conjure Flame                  Conjuration/Fire             3
   d - Inner Flame                    Hexes/Fire                   3
   e - Sticky Flame                   Conjuration/Fire             4
   f - Fireball                       Conjuration/Fire             5
 M - a book of Air

   Spells                             Type                      Level
   a - Shock                          Conjuration/Air              1
   b - Swiftness                      Charms/Air                   2
   c - Repel Missiles                 Charms/Air                   2
   d - Static Discharge               Conjuration/Air              3
   e - Lightning Bolt                 Conjuration/Air              5
Comestibles
 d - 4 bread rations
 j - 4 meat rations
 n - a beef jerky
 t - 3 royal jellies


   Skills:
 + Level 5.6 Fighting
 + Level 4.2 Short Blades
 - Level 1.1 Polearms
 - Level 3.3 Armour
 + Level 6.2 Dodging
 - Level 2.0 Stealth
 + Level 6.0 Spellcasting
 + Level 6.2 Conjurations
 - Level 0.8 Summonings
 - Level 0.8 Translocations
 + Level 3.0 Fire Magic


You had 8 spell levels left.
You knew the following spells:

 Your Spells              Type           Power        Failure   Level  Hunger
a - Magic Dart            Conj           ####         1%          1    None
b - Blink                 Tloc           N/A          10%         2    None
c - Call Imp              Summ           ##......     10%         2    None
d - Repel Missiles        Chrm/Air       #.....       12%         2    None
e - Slow                  Hex            #.......     12%         2    None
f - Sticky Flame          Conj/Fire      #####...     12%         4    ###....


Dungeon Overview and Level Annotations

Branches:
Dungeon (9/15)               Lair (0/6) D:9
 Temple: D:4-7          Orc: D:9-12

Annotations:
D:4 Dowan, Duvessa
D:6 Menkaure
D:8 exclusion: 2 dream sheep, Erica


Innate Abilities, Weirdness & Mutations

You have an increased reservoir of magic. (+10% MP)
You possess an exceptional clarity of mind.
Your mind is acute. (Int +2)
Your flesh is cold resistant. (rC+)
You are robust. (+10% HP)


Message History

Okay, then.
As you read the scroll of teleportation, it crumbles to dust.
You feel strangely unstable.
Your surroundings suddenly seem different.
The dream sheep bleats!
A yak comes into view.
The yak bellows!
A yak comes into view.
The yak bellows!
The dream sheep bleats!
Found 6 slices of pizza.
You see here 4 fruits.
Okay, then.
Evoke which item? (* to show all) (? for menu, Esc to quit)
Zapping:
z - a wand of teleportation (8/9)
Press: ? - help, Shift-Dir - straight line, f - you You feel strangely unstable.
This wand has 7 charges left.
The dream sheep bites you!
* * * LOW HITPOINT WARNING * * *
The dream sheep bites you.
You die...

............#.#.......#
#####.......#.#..####.#
##.#....#.#..# #.#
#...........####.###
####.#.#....##.....#
#.######)######.#
##'##PP≈.≈.≈.# #.#
##...#P≈......###.# #
##.>..#≈≈P.@.%.#...# ##
##.....#P≈≈YYP.%#.###
.####......#.≈P.Y.Y.#.#
....'......#+###'''##.#
.####......# #.....#.##
## ##.....# +...%%#..##
# ##....# #######...##
# ##...# #........##
##'## #.#.......##


You could see 2 yaks and 2 dream sheep.

Vanquished Creatures
  Pikel (D:3)
  A hippogriff (D:9)
  A hungry ghost (D:8)
  2 hell hounds (D:8)
  An ice beast (D:8)
  An orc warrior (D:6)
  5 phantoms
  5 ogres
  2 centaurs
  The ghost of drd the Covert, an amateur OpAs (D:3)
  2 big kobolds (D:8)
  3 bullfrogs
  A wyvern zombie (D:8)
  A water moccasin zombie (D:6)
  A wyvern skeleton (D:7)
  3 scorpions
  3 killer bees (D:7)
  5 wights (D:8)
  6 howler monkeys
  4 crimson imps
  2 bullfrog zombies
  A centaur zombie (D:8)
  4 hounds
  2 jellies
  2 orc priests (D:6)
  5 orc wizards
  Jessica (D:2)
  A gnoll shaman (D:7)
  Natasha (twice) (D:3)
  7 worker ants
  3 ogre zombies (D:9)
  3 hound zombies
  A howler monkey zombie (D:6)
  6 gnolls
  5 adders
  A howler monkey skeleton (D:9)
  A shadow imp (D:8)
  2 oozes (D:2)
  An adder skeleton (D:5)
  An adder zombie (D:7)
  A worm (D:2)
  A leopard gecko (D:5)
  21 orcs
  A bat zombie (D:7)
  4 giant cockroaches
  4 goblins
  10 hobgoblins
  9 jackals
  7 quokkas
  A ball python (D:1)
  12 bats
  4 frilled lizards
  A hobgoblin zombie (D:9)
  A kobold (D:2)
  An orc skeleton (D:9)
  8 orc zombies (D:9)
  A quokka skeleton (D:5)
  10 rats
197 creatures vanquished.

Vanquished Creatures (collateral kills)
  A hungry ghost (D:9)
  A sky beast (D:4)
  A hound (D:4)
  Natasha (D:4)
4 creatures vanquished.

Vanquished Creatures (others)
  A scorpion (D:4)
1 creature vanquished.

Grand Total: 202 creatures vanquished

Notes
Turn   | Place    | Note
-------+----------+-------------------------------------------
     0 | D:1      | Promi the Demigod Wizard began the quest for the Orb.
     0 | D:1      | Reached XP level 1. HP: 14/14 MP: 6/6
   170 | D:1      | Reached skill level 1 in Conjurations
   414 | D:1      | Reached XP level 2. HP: 4/22 MP: 0/8
  1057 | D:2      | Learned a level 2 spell: Blink
  1060 | D:2      | Learned a level 2 spell: Call Imp
  1162 | D:2      | Reached skill level 1 in Fighting
  1393 | D:2      | Noticed Jessica
  1566 | D:2      | Killed Jessica
  1566 | D:2      | Reached XP level 3. HP: 26/28 MP: 10/10
  1753 | D:2      | Reached skill level 1 in Armour
  2142 | D:2      | Reached XP level 4. HP: 35/35 MP: 11/11
  2303 | D:3      | Noticed Natasha
  2315 | D:3      | Killed Natasha
  2334 | D:2      | Gained mutation: Your flesh is cold resistant. (rC+) [potion of mutation]
  2334 | D:2      | Gained mutation: You are robust. (+10% HP) [potion of mutation]
  2334 | D:2      | Gained mutation: Your mind is acute. (Int +2) [potion of mutation]
  2344 | D:2      | Learned a level 2 spell: Repel Missiles
  2347 | D:2      | Learned a level 2 spell: Slow
  2353 | D:3      | Noticed Natasha
  2370 | D:3      | Killed Natasha
  2638 | D:3      | Reached XP level 5. HP: 34/45 MP: 12/12
  3018 | D:3      | Noticed drd's ghost (amateur OpAs)
  3032 | D:3      | Killed drd's ghost
  3135 | D:4      | Noticed a slave
  3137 | D:4      | Noticed Pikel
  3137 | D:4      | Noticed a slave
  3336 | D:4      | Noticed Duvessa
  3365 | D:4      | Noticed a slave
  3367 | D:4      | Noticed a slave
  3372 | D:5      | Entered Level 5 of the Dungeon
  3372 | D:5      | Noticed Natasha
  3383 | D:4      | Reached XP level 6. HP: 44/53 MP: 14/14
  3383 | D:4      | Paralysed by Pikel for 6 turns
  3676 | D:4      | Found a glowing silver altar of Zin.
  3778 | D:4      | Noticed Dowan
  3810 | D:4      | Killed Natasha
  4042 | D:3      | Paralysed by Pikel for 2 turns
  4046 | D:3      | Paralysed by Pikel for 3 turns
  4085 | D:3      | Paralysed by Pikel for 4 turns
  4091 | D:3      | Paralysed by Pikel for 7 turns
  4096 | D:3      | Killed Pikel
  4096 | D:3      | Reached XP level 7. HP: 11/62 MP: 12/16
  4608 | D:5      | Found an opulent altar of Gozag.
  4937 | D:5      | Got a bloodstained spear
  4938 | D:5      | Identified the +4 spear "Hellblazer" {flame, Int+3 Dex+6} (You found it on level 5 of the Dungeon)
  5053 | D:5      | Found a burning altar of Makhleb.
  5053 | D:5      | Found a sacrificial altar of Ru.
  5096 | D:5      | Gained mutation: You possess an exceptional clarity of mind. [potion of beneficial mutation]
  5120 | D:6      | Reached XP level 8. HP: 72/72 MP: 13/17
  5134 | D:5      | Reached skill level 1 in Polearms
  5602 | D:6      | Reached skill level 1 in Short Blades
  6430 | D:6      | Noticed Menkaure
  6467 | D:6      | Reached skill level 5 in Dodging
  7016 | D:7      | Reached skill level 5 in Spellcasting
  7161 | D:7      | Got a smoking mace
  7162 | D:7      | Identified the +8 mace of Zin {freeze, rF- rN+ Int+4 Dex+4} (You found it on level 7 of the Dungeon)
  7168 | D:7      | Learned a level 4 spell: Sticky Flame
  7256 | D:7      | Reached skill level 5 in Conjurations
  7370 | D:7      | Found a hide-covered altar of Uskayaw.
  7378 | D:7      | Reached XP level 9. HP: 79/79 MP: 20/20
  7474 | D:7      | Reached skill level 1 in Fire Magic
  7821 | D:7      | Found an ancient bone altar of Kikubaaqudgha.
  8149 | D:8      | Reached skill level 5 in Fighting
  8726 | D:8      | Found a basalt altar of Yredelemnul.
  9293 | D:9      | Found a staircase to the Lair.
  9865 | D:9      | Noticed Erica
 10364 | D:8      | Reached XP level 10. HP: 59/90 MP: 22/22
 10608 | D:9      | Noticed a deep elf mage
 10705 | D:8      | HP: 4/91 [dream sheep (9)]
 10705 | D:8      | Slain by a dream sheep

Vault maps used:
D:1:      dpeg_arrival_rooms_c, minmay_domino_4
D:2:      serial_co_window_serial, co_window_corner_a, co_window_paths_a,
          co_window_of_opportunity_a, co_window_corner_a, co_window_paths_a,
          co_window_corner_a, co_window_paths_b, co_window_2corner,
          co_window_corner_b, co_window_paths_c, co_window_broadway_c,
          co_window_4corner_b, uniq_jessica
D:3:      first_bread, serial_bayou_pond_c, uniq_natasha
D:4:      lemuel_doored_altar, gammafunk_temple_overflow_statue, uniq_pikel,
          uniq_grinder, uniq_blork_the_orc, uniq_duvessa
D:5:      grunt_gozag_statues, gammafunk_temple_overflow_wave
D:6:      lemuel_round_altar, uniq_menkaure
D:7:      lemuel_zombie_altar_kikubaaqudgha, eat_drink_and_be_merry_uskayaw
D:8:      yredelemnul_altar_generic, hangedman_ranch
D:9:      overflow_temple_1_default, kennysheep_little_box,
          minmay_lair_entry_lava, zombieorc2_lemuel, minmay_parallelograms,
          uniq_erica, uniq_gastronok, uniq_prince_ribbit1

Skill      XL: |  1  2  3  4  5  6  7  8  9 10 |
---------------+-------------------------------+-----
Conjurations   | 1 2 3 4 5 6 |  6.2
Spellcasting   | 3 4 5 6 |  6.0
Fighting       | 1 2 3 4 5 |  5.6
Dodging        | 2 3 4 5 6 |  6.2
Stealth        | 2 |  2.0
Armour         | 1 2 3 |  3.3
Polearms       | 1 |  1.1
Short Blades   | 3 4 |  4.2
Fire Magic     | 2 3 |  3.0
Summonings     | |  0.8
Translocations | |  0.8

Action                   |  1- 3 |  4- 6 |  7- 9 | 10-12 || total
-------------------------+-------+-------+-------+-------++-------
Melee: Club              |    17 |       |       |       ||    17
       Unarmed           |     2 |       |       |       ||     2
       Dagger            |    20 |       |       |       ||    20
       Short sword       |    24 |    97 |   453 |    18 ||   592
       Spear             |       |       |    38 |       ||    38
 Cast: Magic Dart        |    65 |     4 |    74 |     6 ||   149
       Call Imp          |       |     6 |     7 |       ||    13
       Slow              |       |     1 |     1 |     1 ||     3
       Repel Missiles    |       |       |     1 |       ||     1
Evoke: Wand              |       |       |       |     1 ||     1
  Use: Scroll            |     5 |     6 |    17 |     2 ||    30
       Potion            |     1 |     5 |     2 |       ||     8
 Stab: Sleeping          |       |     2 |     4 |       ||     6
  Eat: Chunk             |     4 |     6 |    18 |       ||    28
       Bread ration      |       |       |     2 |       ||     2
Armor: Robe              |    33 |       |       |       ||    33
       Leather armour    |    19 |    52 |    84 |     3 ||   158
Dodge: Dodged            |    79 |   105 |   282 |    15 ||   481
       Deflected         |       |       |       |     1 ||     1
Block: Other             |       |     3 |    60 |     3 ||    66
       Reflection        |       |       |       |     2 ||     2
